 Dungeon Crawl Stone Soup version 0.30-a0-339-g89bb51ec76 (webtiles) character file.

Game seed: 3045234781150384413

26 hadoken the Vexing (level 3, -8/29 HPs)
             Began as a Meteoran Hexslinger on Oct 31, 2022.
             Mangled by Terence
             ... wielding a +0 flail
              (9 damage)
             ... on level 2 of the Dungeon.
             The game lasted 00:02:31 (1047 turns).

hadoken the Vexing (Meteoran Hexslinger)            Turns: 1047, Time: 00:02:32

Health: -8/29      AC:  3    Str: 11    XL:     3   Next: 41%
Magic:  5/7        EV: 12    Int: 15    God:
Gold:   76         SH:  0    Dex: 16    Spells: 2/6 levels left

rFire   . . .      SeeInvis .    a - +1 sling
rCold   . . .      Faith    .    (no shield)
rNeg    . . .      Spirit   .    c - +0 robe
rPois   .          Reflect  .    (no helmet)
rElec   .          Harm     .    (no cloak)
rCorr   .          Rampage  .    (no gloves)
Will    .....                    i - +0 pair of boots
Stlth   +.........               (no amulet)
HPRegen 0.24/turn                (no ring)
MPRegen 0.10/turn                (no ring)

@: mighty, glowing
A: sense surroundings 1, otherworldly, glowing, explore regen
a: no special abilities


You were on level 2 of the Dungeon.
You visited 1 branch of the dungeon, and saw 2 of its levels.

You collected 76 gold pieces.

Inventory:

Hand Weapons
 a - a +1 sling (weapon)
Armour
 c - a +0 robe (worn)
 i - a +0 pair of boots (worn)
Scrolls
 b - a scroll of poison
 d - a scroll of identify {unknown}
 g - a scroll of amnesia {unknown}
 h - a scroll of summoning {unknown}
 k - a scroll of enchant armour {unknown}
Potions
 e - 2 potions of might
 f - a potion of heal wounds {unknown}
 j - a potion of lignification {unknown}


   Skills:
 + Level 1.8 Fighting
 + Level 2.7 Ranged Weapons
 - Level 2.4 Dodging
 + Level 2.1 Spellcasting
 + Level 4.0 Hexes


You had 2 spell levels left.
You knew the following spells:

 Your Spells              Type           Power      Damage    Failure   Level
a - Slow                  Hex            52%        N/A       4%          1
b - Portal Projectile     Hex/Tloc       14%        N/A       28%         3

Your spell library contained the following spells:

 Spells                   Type           Power      Damage    Failure   Level
 Inner Flame              Hex/Fire       7%         N/A       28%         3
 Cause Fear               Hex            6%         N/A       38%         4
 Discord                  Hex            6%         N/A       100%        8


Dungeon Overview and Level Annotations

Branches:
Dungeon (2/15) Zot: 130

Altars:

Annotations:
D:2 Terence


Innate Abilities, Weirdness & Mutations

You passively map a small area around you.
You are easily found by Zot.
You glow in the dark.
You regain HP and MP as you explore.


Message History

Aiming: Slow (safe; 4% risk of failure)
Press: ? - help, Shift-Dir - straight line, f/p - Terence
Aim: Terence, wielding a +0 flail and wearing a +0 scale mail (moderately wounded, chance to affect: 55%) Terence seems to slow down.
Terence is no longer moving slowly.
Terence shouts, "Now you die!"
You shoot a sling bullet. The sling bullet hits Terence.
Terence is moderately wounded.
You shoot a sling bullet. The sling bullet hits Terence.
Terence is moderately wounded.
You shoot a sling bullet.
The sling bullet closely misses Terence.
You shoot a sling bullet.
The sling bullet closely misses Terence.
Terence misses you. Terence hits you with a +0 flail!
You shoot a sling bullet.
The sling bullet closely misses Terence.
Terence hits you with a +0 flail!
You are too injured to fight recklessly!
You are too injured to fight recklessly!
You are too injured to fight recklessly!
You are too injured to fight recklessly!
You are too injured to fight recklessly!
You are too injured to fight recklessly!
It was a potion of might.
You feel very mighty all of a sudden. Terence hits you with a +0 flail!
* * * LOW HITPOINT WARNING * * *
You shoot a sling bullet. The sling bullet hits Terence.
Terence is moderately wounded.
Terence misses you.
You shoot a sling bullet.
The sling bullet closely misses Terence.
Terence hits you with a +0 flail.
* * * LOW HITPOINT WARNING * * *
Terence closely misses you.
You shoot a sling bullet. The sling bullet hits Terence.
Terence is moderately wounded.
Terence hits you with a +0 flail!
You die...

#.....#.....#.#
#........#.##.#
#.....####.##.# #.#.#.#
#.##.# #.#.#.# #.##.#
#.#.#.####.##[#
#.#.#......##.#
#.#.#########.##############
...............@@..>.......#
#.##############.########.##
#..@...................##.#
##############..######.##.#
, * ,...........).#....#
##.#########.###### ,* #.# ,
#.# , * #.#


You could see Terence.

Vanquished Creatures
  3 bats
  4 endoplasms
  3 goblins (D:1)
  5 hobgoblins (D:1)
  5 kobolds
  3 rats
23 creatures vanquished.

Notes
Turn   | Place    | Note
-------+----------+-------------------------------------------
     0 | D:1      | hadoken the Meteoran Hexslinger began the quest for the
                  | Orb.
     0 | D:1      | Reached XP level 1. HP: 16/16 MP: 3/3
   124 | D:1      | Reached XP level 2. HP: 23/23 MP: 5/5
   486 | D:1      | Reached XP level 3. HP: 28/28 MP: 5/7
   489 | D:1      | Glimpsed the power of Zot.
   538 | D:1      | Glimpsed the power of Zot.
   661 | D:2      | Reached skill level 4 in Hexes
   868 | D:2      | Learned a level 3 spell: Portal Projectile
   958 | D:2      | Noticed Terence
  1046 | D:2      | HP: 1/29 [Terence/+0 flail (2)]
  1047 | D:2      | Mangled by Terence

Illustrated notes

Levels and vault maps discovered:
D:1:      roderic_chinese_lattice_arrival, layout_basic,
          hellmonk_ecumenical_altar_pennies_from_heaven
D:2:      layout_basic, uniq_terence, uniq_robin

Skill      XL: |  1  2  3 |
---------------+----------+-----
Spellcasting   | 2 |  2.1
Hexes          | 4 |  4.0
Fighting       | |  1.8
Ranged Weapons | |  2.7
Dodging        | |  2.4

Action                   || total
-------------------------++-------
 Fire: Sling             ||    82
 Cast: Slow              ||    11
  Use: Potion            ||     2
Armor: Robe              ||     5
Dodge: Dodged            ||    20

Table legend: (Time is in decaauts)
 A = Elapsed time spent in this place.
 B = Non-inter-level travel time spent in this place.
 C = Inter-level travel time spent in this place.
 D = Time resting spent in this place.
 E = Time spent auto-exploring this place.
 F = Levels seen in this place.
 G = Mean time per level.
                   A        B        C        D        E       F      G
               +--------+--------+--------+--------+--------+-----+--------+
         Total |   1068 |   1033 |     35 |      0 |    792 |   2 |  534.0 |
       Dungeon |   1068 |   1033 |     35 |      0 |    792 |   2 |  534.0 |
               +--------+--------+--------+--------+--------+-----+--------+

Top non-repeatable levels by time:
     D:1: 569 daAuts
     D:2: 498 daAuts
